 Dungeon Crawl Stone Soup version 0.28.0-45-g0d030f2227 (webtiles) character file.

Game seed: 13157789604361476284

42 101zpm the Chiller (level 3, -1/19 HPs)
             Began as a Deep Elf Ice Elementalist on Apr 20, 2022.
             Slain by a water moccasin skeleton (3 damage)
             ... on level 4 of the Dungeon.
             The game lasted 00:02:04 (1227 turns).

101zpm the Chiller (Deep Elf Ice Elementalist)      Turns: 1227, Time: 00:02:05

Health: -1/19      AC:  2    Str:  5    XL:     3   Next: 35%
Magic:  6/9        EV: 12    Int: 21    God:
Gold:   25         SH:  0    Dex: 15    Spells: 7/8 levels left

rFire   . . .      SeeInvis .   b - +3 whip
rCold   . . .      Faith    .   (no shield)
rNeg    . . .      Spirit   .   a - +0 robe
rPois   .          Reflect  .   (no helmet)
rElec   .          Harm     .   (no cloak)
rCorr   .          Rampage  .   (no gloves)
Will    .....                   (no boots)
Stlth   ++........              (no amulet)
HPRegen 0.06/turn               (no ring)
MPRegen 0.11/turn               (no ring)

@: no status effects
A: no striking features
a: no special abilities


You were on level 4 of the Dungeon.
You visited 1 branch of the dungeon, and saw 4 of its levels.

You collected 25 gold pieces.

Inventory:

Hand Weapons
 b - a +3 whip (weapon)
Armour
 a - a +0 robe (worn)
Scrolls
 c - a scroll of silence {unknown}


   Skills:
 + Level 0.2 Maces & Flails
 + Level 2.5 Dodging
 + Level 2.4 Stealth
 + Level 3.4 Spellcasting
 + Level 5.4 Ice Magic


You had 7 spell levels left.
You knew the following spells:

 Your Spells              Type           Power      Damage    Failure   Level
a - Freeze                Ice            100%       1d11      1%          1

Your spell library contained the following spells:

 Spells                   Type           Power      Damage    Failure   Level
 Frozen Ramparts          Ice            52%        1d7       4%          3
 Ozocubu's Armour         Ice            26%        N/A       4%          3
 Hailstorm                Conj/Ice       14%        3d5       38%         4


Dungeon Overview and Level Annotations

Branches:
Dungeon (4/15)
 Temple: D:4-7

Altars:


Message History

Aiming: Freeze (safe; 1% risk of failure)
Press: ? - help, Q - select action Shift-Dir - straight line, f - adder
Aim: an adder You freeze the adder!
The adder is almost dead.
The adder seems to slow down.
The adder bites you.
Aiming: Freeze (safe; 1% risk of failure)
Press: ? - help, Q - select action Shift-Dir - straight line, f/p - adder
Aim: an adder (almost dead, slow)
You freeze the adder.
You kill the adder!
The goblin hits you with a +0 dagger.
Aiming: Freeze (safe; 1% risk of failure)
Press: ? - help, Q - select action Shift-Dir - straight line, f - goblin
Aim: a goblin, wielding a +0 dagger You freeze the goblin.
You kill the goblin!
A water moccasin skeleton comes into view.
The water moccasin skeleton barely misses you.
The water moccasin skeleton bites you.
Aiming: Freeze (safe; 1% risk of failure)
Press: ? - help, Q - select action Shift-Dir - straight line, f - water moccasin skeleton
Aim: a water moccasin skeleton You freeze the water moccasin skeleton.
The water moccasin skeleton resists.
The water moccasin skeleton is lightly damaged.
The water moccasin skeleton bites you.
You hit the water moccasin skeleton.
The water moccasin skeleton is moderately damaged.
The water moccasin skeleton bites you.
You are too injured to fight recklessly!
You hit the water moccasin skeleton but do no damage.
The water moccasin skeleton is moderately damaged.
The water moccasin skeleton bites you.
* * * LOW HITPOINT WARNING * * *
You hit the water moccasin skeleton.
The water moccasin skeleton is moderately damaged.
The water moccasin skeleton barely misses you.
The water moccasin skeleton bites you.
You die...

#.#...#.###
#.......#..
.......#.##
#........###
..........
#.#...#$.#####
##..)†........
#...#..#..#
#..@...#
####Z..#
#....[<#
?..#..##.#
#..... ..#
#..###### ....
..# ..


You could see a water moccasin skeleton.

Vanquished Creatures
  2 adders
  A worm (D:2)
  A dart slug (D:1)
  2 bats
  An endoplasm (D:2)
  A goblin (D:4)
  3 kobolds
  2 quokkas
  4 ball pythons
  4 frilled lizards
  A rat (D:3)
22 creatures vanquished.

Vanquished Creatures (others)
  A plant (D:2)
1 creature vanquished.

Grand Total: 23 creatures vanquished

Notes
Turn   | Place    | Note
-------+----------+-------------------------------------------
     0 | D:1      | 101zpm the Deep Elf Ice Elementalist began the quest for
                  | the Orb.
     0 | D:1      | Reached XP level 1. HP: 10/10 MP: 6/6
   244 | D:2      | Found a faded altar of an unknown god.
   253 | D:2      | Reached XP level 2. HP: 6/15 MP: 5/8
   865 | D:3      | Reached skill level 5 in Ice Magic
  1066 | D:3      | Reached XP level 3. HP: 14/19 MP: 5/9
  1227 | D:4      | Slain by a water moccasin skeleton

Illustrated notes

Levels and vault maps discovered:
D:1:      eino_arrival_tree_alley, layout_basic, hangedman_decor_lopped
D:2:      kennysheep_big_flooded_room, layout_loops_corners,
          shapermc_ecumenical_altar_acropolis, minmay_quadrilaterals
D:3:      layout_loops_ring, nicolae_vehumet_radiance,
          nicolae_gozag_cash_rules_everything_around_me
D:4:      layout_basic, fedhas_altar_1,
          nicolae_dithmenos_through_a_glass_darkly, minmay_temple_entry_arrows,
          st_stairs_10

Skill      XL: |  1  2 |
---------------+-------+-----
Ice Magic      | 5 |  5.4
Maces & Flails | |  0.2
Dodging        | |  2.5
Stealth        | |  2.4
Spellcasting   | |  3.4

Action                   || total
-------------------------++-------
Melee: Whip              ||    16
 Cast: Freeze            ||    30
 Stab: Sleeping          ||     1
Armor: Robe              ||     2
Dodge: Dodged            ||    19
